 Dungeon Crawl Stone Soup version 0.17-a0-2007-g96ac4c4 (webtiles) character file.

311 Banto the Charmwright (level 6, 0/39 HPs)
             Began as a High Elf Skald on Oct 9, 2015.
             Was a Follower of Okawaru.
             Shot with a stone by a goblin (5 damage)
             ... led by Robin
             ... on level 3 of the Dungeon.
             The game lasted 00:05:23 (2763 turns).

Banto the Charmwright (High Elf Skald)              Turns: 2763, Time: 00:05:23

Health: 0/39       AC:  8    Str: 11    XL:     6   Next: 18%
Magic:  9/12       EV: 11    Int: 16    God:    Okawaru [*.....]
Gold:   135        SH:  0    Dex: 17    Spells: 3 memorised, 5 levels left

rFire  . . .     SeeInvis +     a - +0 falchion
rCold  . . .     Clarity  .     b - +0 leather armour
rNeg   . . .     SustAt   .     (no shield)
rPois  .         Gourm    .     (no helmet)
rElec  .         Spirit   .     m - +2 cloak
rCorr  .         Warding  .     h - +1 pair of gloves
rMut   .         Stasis   .     (no boots)
MR     .....                    (no amulet)
Stlth  +.........               (no ring)
                                y - ring of see invisible

@: not resistant to hostile enchantments, very unstealthy
A: no striking features
a: Heroism, Renounce Religion


You were on level 3 of the Dungeon.
You worshipped Okawaru.
Okawaru was aware of your devotion.
You were not hungry.

You visited 1 branch of the dungeon, and saw 3 of its levels.

You collected 135 gold pieces.

Inventory:

Hand Weapons
 a - a +0 falchion (weapon)
Armour
 b - a +0 leather armour (worn)
 h - a +1 pair of gloves (worn)
 i - a +0 helmet
 m - a +2 cloak (worn)
Jewellery
 y - a ring of see invisible (left hand)
Wands
 p - a wand of polymorph (6)
Scrolls
 g - 2 scrolls of teleportation
 j - a scroll of identify
 k - a scroll of remove curse
Potions
 e - 2 potions of might
 f - a potion of mutation {unknown}
 n - a potion of haste
 r - 2 potions of cancellation
 t - a potion of agility
 w - a potion of lignification
Books
 c - a book of Battle

   Spells                             Type                      Level
   a - Infusion                       Charms                       1
   b - Shroud of Golubria             Charms/Translocation         2
   c - Song of Slaying                Charms                       2
   d - Spectral Weapon                Hexes/Charms                 3
   e - Regeneration                   Charms/Necromancy            3
Comestibles
 d - 3 bread rations
 l - a beef jerky
 o - 3 chunks of flesh
 u - 2 meat rations
 x - a slice of pizza


   Skills:
 - Level 2.0 Fighting
 * Level 5.3 Long Blades
 - Level 0.8 Armour
 - Level 1.1 Dodging
 - Level 3.6 Spellcasting
 * Level 6.1 Charms


You had 5 spell levels left.
You knew the following spells:

 Your Spells              Type           Power        Failure   Level  Hunger
a - Infusion              Chrm           ###...       1%          1    None
b - Regeneration          Chrm/Necr      ##........   24%         3    ###....
c - Spectral Weapon       Hex/Chrm       ##......     24%         3    ###....


Dungeon Overview and Level Annotations

Branches:
Dungeon (3/15)

Altars:
Ashenzari
Gozag
Okawaru
Xom


Message History

Okawaru accepts your kill. The orc priest hits you with a trident!
The goblin shoots a stone.
The stone completely misses you.
Things that are here:
a leather armour; 2 stones; an orc skeleton You closely miss the orc priest.
Your spectral weapon hits the orc priest but does no damage.
The orc priest invokes the aid of Beogh against you.
Something smites you!
* * * LOW HITPOINT WARNING * * *
The goblin shoots a stone.
The stone misses you.
You hit the orc priest but do no damage.
Your spectral weapon barely misses the orc priest.
The orc priest hits you but does no damage.
The goblin shoots a stone.
The stone barely misses you.
Unknown command.
You hit the orc priest but do no damage.
Your spectral weapon hits the orc priest!
The goblin shoots a stone.
The stone hits you.
You die...

#.##....................#
#####.##.###########....#####
#...#.##.###########....#
#...#o##.##g......##)...########
##...#.##.##..(.....)............
....g#.##.##.......#####...#####.
#...)o..÷............##.........
######)g#.##....()).#.......####.
.....()...####.o@<..#.......# #.
#######...# ##########......#####
.............†..............
####..############......#####
#.># #......# ##.# ######## #.#
.#


You could see an orc priest and a goblin.

Vanquished Creatures
  Grinder (D:3)
  Robin (D:2)
  4 gnolls (D:3)
  A worm (D:3)
  A giant gecko (D:3)
  5 orcs
  16 goblins
  8 hobgoblins
  8 kobolds
  2 bats (D:1)
  3 giant cockroaches
  2 giant newts
  6 rats
58 creatures vanquished.

Notes
Turn   | Place    | Note
--------------------------------------------------------------
     0 | D:1      | Banto the High Elf Skald began the quest for the Orb.
     0 | D:1      | Reached XP level 1. HP: 14/14 MP: 4/4
   276 | D:1      | Reached skill level 4 in Charms
   342 | D:1      | Found a shattered altar of Ashenzari.
   399 | D:1      | Reached XP level 2. HP: 19/19 MP: 6/6
  1019 | D:2      | Found a shimmering altar of Xom.
  1221 | D:2      | Found an iron altar of Okawaru.
  1229 | D:2      | Became a worshipper of Warmaster Okawaru
  1496 | D:3      | Reached XP level 3. HP: 21/24 MP: 4/8
  1525 | D:3      | Learned a level 3 spell: Regeneration
  1529 | D:3      | Learned a level 3 spell: Spectral Weapon
  1578 | D:3      | Reached XP level 4. HP: 29/29 MP: 6/9
  1642 | D:3      | Found an opulent altar of Gozag.
  1716 | D:3      | Reached skill level 5 in Charms
  1838 | D:3      | Noticed Grinder
  1877 | D:3      | Killed Grinder
  1877 | D:3      | Acquired Okawaru's first power
  1877 | D:3      | Reached skill level 5 in Long Blades
  1877 | D:3      | Reached skill level 6 in Charms
  1877 | D:3      | Reached XP level 5. HP: 5/34 MP: 6/11
  1877 | D:3      | Reached XP level 6. HP: 5/39 MP: 6/12
  2350 | D:3      | Noticed Robin
  2377 | D:2      | Killed Robin
  2763 | D:3      | Shot with a stone by a goblin

Vault maps used:
D:1:      lightli_arrival_noodles, roderic_filled_cross,
          nicolae_ashenzari_panopticon
D:2:      xom_butterflies, okawaru_gym_becter
D:3:      grunt_gozag_breadcrumbs, first_bread, kennysheep_generic_room_2,
          uniq_robin, uniq_grinder

Action                   |  1- 3 |  4- 6 || total
-------------------------+-------+-------++-------
Melee: Falchion          |    99 |    83 ||   182
 Cast: Infusion          |     7 |     1 ||     8
       Spectral Weapon   |     1 |     6 ||     7
       Regeneration      |       |     1 ||     1
  Use: Potion            |       |     4 ||     4
       Scroll            |       |     8 ||     8
 Stab: Distracted        |     1 |       ||     1
  Eat: Chunk             |     2 |     6 ||     8
